 Dungeon Crawl Stone Soup version 0.17.1-2-g5865329 (webtiles) character file.

119 Gargoyl the Skirmisher (level 4, 0/37 HPs)
             Began as a Demonspawn Abyssal Knight on Feb 1, 2016.
             Was a Believer of Lugonu.
             Killed by divine providence
             ... invoked by an orc priest
              (9 damage)
             ... on level 3 of the Dungeon.
             The game lasted 00:05:01 (1906 turns).

Gargoyl the Skirmisher (Demonspawn Abyssal Knight)  Turns: 1906, Time: 00:05:01

Health: 0/37       AC: 10    Str: 11    XL:     4   Next: 74%
Magic:  5/6        EV:  5    Int: 13    God:    Lugonu [**....]
Gold:   117        SH:  0    Dex: 13    Spells: 0 memorised, 3 levels left

rFire  . . .     SeeInvis .     a - +1 hand axe
rCold  . . .     Clarity  .     l - +0 chain mail
rNeg   . . .     SustAt   .     (no shield)
rPois  .         Gourm    .     (no helmet)
rElec  .         Spirit   .     (no cloak)
rCorr  .         Warding  .     (no gloves)
rMut   .         Stasis   .     m - +0 pair of boots
MR     +....                    n - amulet of regeneration
Stlth  ..........               (no ring)
                                (no ring)

@: flying, somewhat resistant to hostile enchantments, extremely unstealthy
A: breathe flames 1, magic resistance 1, powered by death 2, weak 1
a: Depart the Abyss, Bend Space, Renounce Religion, Breathe Fire


You were on level 3 of the Dungeon.
You worshipped Lugonu.
Lugonu was pleased with you.
You were not hungry.

You visited 1 branch of the dungeon, and saw 3 of its levels.
You visited the Abyss 1 time.

You collected 117 gold pieces.

Inventory:

Hand Weapons
 a - a +1 hand axe (weapon)
Missiles
 f - 28 poisoned needles
Armour
 l - a +0 chain mail (worn)
 m - a +0 pair of boots (worn)
Jewellery
 n - an amulet of regeneration (around neck)
Scrolls
 b - a scroll of remove curse {unknown}
 c - a scroll of enchant armour {unknown}
 h - 5 scrolls of identify {unknown}
 j - a scroll of blinking {unknown}
 k - 2 scrolls of teleportation {unknown}
 o - a scroll of fear {unknown}
Potions
 d - a potion of mutation
Comestibles
 g - a beef jerky
 p - a slice of pizza


   Skills:
 + Level 3.7 Fighting
 + Level 2.6 Axes
 + Level 2.6 Armour
 + Level 1.9 Dodging
 + Level 2.9 Invocations


You had 3 spell levels left.
You didn't know any spells.

Dungeon Overview and Level Annotations

Branches:
Dungeon (3/15)

Altars:
Qazlal


Innate Abilities, Weirdness & Mutations

You regenerate health from kills.
You can breathe flames.
You are resistant to hostile enchantments.
You are weak. (Str -2)


Message History

* * * LOW HITPOINT WARNING * * *
Read which item? (? for menu, Esc to quit)
Okay, then.
Drink which item? (? for menu, Esc to quit)
Okay, then.
Space bends around you!
You blink.
* * * LOW HITPOINT WARNING * * *
You feel slightly more hungry.
The orc priest hits you but does no damage.
The orc hits you but does no damage.
Your chain mail prevents you from hitting the orc.
The orc priest hits you from afar with a trident.
* * * LOW HITPOINT WARNING * * *
The orc hits you but does no damage.
The orc priest miscasts a cantrip.
The orc priest calls upon Beogh to heal the orc priest.
The orc priest's wounds heal themselves!
The orc priest mumbles some strange prayers to Beogh against you.
Something smites you!
You die...

### ######........ .....
#............(
.....######.###.........
.........##†# #.........
.........##o###.........
$..........o.##.#####...
.........o...##.#####...
........................
.......@.....#.######...
.............#.# #...
....#...(....# # #...
....#........# #...
..r..####....# #...
..#....#....#.# ##...
......o.......# #....
####...##.##### #....
#.........#######....


You could see 2 orc priests and an orc.

Vanquished Creatures
  An orc wizard (D:3)
  2 adders
  4 worms
  2 giant geckos
  An orc (D:3)
  A ball python (D:1)
  10 goblins
  6 hobgoblins
  4 jackals
  5 bats
  2 giant cockroaches
  2 giant newts
  6 kobolds
  13 rats
59 creatures vanquished.

Notes
Turn   | Place    | Note
--------------------------------------------------------------
     0 | Abyss:1  | Gargoyl the Demonspawn Abyssal Knight began the quest for the Orb.
     0 | Abyss:1  | Reached XP level 1. HP: 18/18 MP: 2/2
   114 | Abyss:1  | Noticed a spatial vortex
   115 | Abyss:1  | Noticed a spatial maelstrom
   119 | Abyss:1  | Noticed a spatial vortex
   121 | Abyss:1  | Noticed a spatial vortex
   122 | D:1      | Escaped the Abyss
   472 | D:1      | Reached * piety under Lugonu
   732 | D:1      | Gained mutation: You regenerate a little health from kills. [demonic ancestry]
   732 | D:1      | Reached XP level 2. HP: 17/24 MP: 4/4
   776 | D:1      | Reached skill level 1 in Dodging
  1016 | D:1      | Reached XP level 3. HP: 15/29 MP: 5/5
  1239 | D:2      | Reached ** piety under Lugonu
  1514 | D:2      | Gained mutation: You regenerate health from kills. [demonic ancestry]
  1514 | D:2      | Reached XP level 4. HP: 32/35 MP: 6/6
  1806 | D:3      | Found a stormy altar of Qazlal.
  1900 | D:3      | Gained mutation: You are weak. (Str -2) [potion of mutation]
  1900 | D:3      | Gained mutation: You are resistant to hostile enchantments. [potion of mutation]
  1900 | D:3      | Gained mutation: You can breathe flames. [potion of mutation]
  1906 | D:3      | Killed from afar by an orc priest

Action                   |  1- 3 |  4- 6 || total
-------------------------+-------+-------++-------
Melee: Hand axe          |   159 |    51 ||   210
Invok: Depart the Abyss  |     1 |       ||     1
       Bend Space        |       |     1 ||     1
  Use: Potion            |       |     3 ||     3
  Eat: Bread ration      |     1 |       ||     1
